 Dungeon Crawl Stone Soup version 0.13.1-25-g341c717 (webtiles) character file.

3388 Nicoed the Skirmisher (level 10, -2/76 HPs)
             Began as a Human Fighter on Jan 17, 2014.
             Was an Initiate of Okawaru.
             Slain by a killer bee (6 damage)
             ... on Level 8 of the Dungeon.
             The game lasted 00:27:17 (9167 turns).

Nicoed the Skirmisher (Human Fighter)               Turns: 9167, Time: 00:27:18

HP  -2/76        AC 17     Str 24      XL: 10   Next: 16%
MP   9/9         EV 11     Int  8      God: Okawaru [......]
Gold 202         SH 22     Dex 13      Spells:  0 memorised,  9 levels left

Res.Fire  : x . .   See Invis. : .   l - +3 long sword
Res.Cold  : + . .   Warding    : .   v - +2 ring mail {MR+}
Life Prot.: . . .   Conserve   : .   c - +0 shield
Res.Poison: .       Res.Corr.  : .   d - +0 helmet
Res.Elec. : .       Clarity    : .   y - +0 cloak
Sust.Abil.: . .     Spirit.Shd : .   r - +2 pair of gloves of Nihilism {Acc-2 Dam+5}
Res.Mut.  : .       Stasis     : .   m - +2 pair of dwarf boots
Res.Rott. : .       Flight     : .   (no amulet)
Saprovore : . . .                    n - ring of ice
                                     f - +4 ring of strength

@: mildly poisoned, quite resistant to hostile enchantments, extremely
unstealthy
A: no striking features
a: Renounce Religion


You were on level 8 of the Dungeon.
You worshipped Okawaru.
Okawaru was noncommittal.
You were not hungry.

You visited 2 branches of the dungeon, and saw 9 of its levels.

You collected 182 gold pieces.

Inventory:

Hand weapons
 l - a +3,+3 long sword (weapon)
Armour
 c - a +0 shield (worn)
 d - a +0 helmet (worn)
 m - a +2 pair of dwarven boots (worn)
 r - the +2 pair of gloves of Nihilism (worn) {Acc-2 Dam+5}
   (You found it on level 8 of the Dungeon)

   It affects your accuracy (-2).
   It affects your damage-dealing abilities (+5).
 v - a +2 ring mail of magic resistance (worn)
 y - a +0 cloak (worn)
 C - a +2 orcish leather armour of poison resistance
Magical devices
 s - a wand of confusion (0)
 H - a wand of cold (9)
Comestibles
 i - a meat ration
 q - 5 bread rations
 K - an apple
Scrolls
 a - 3 scrolls of remove curse
 b - 2 scrolls of fog
 e - 2 scrolls of teleportation
 g - a scroll of blinking {unknown}
 k - 2 scrolls of noise
 p - a scroll of recharging {unknown}
 w - a scroll of fear
 z - a scroll of amnesia {unknown}
 B - 2 scrolls of curse weapon {unknown}
 D - a scroll of random uselessness {unknown}
 E - a scroll of enchant weapon II
Jewellery
 f - a +4 ring of strength (left hand)
 j - a +5 ring of intelligence
 n - a ring of ice (right hand)
 A - an uncursed ring of protection from magic
 I - the ring of the Original Sin {Wiz rF- Str+2, unknown}
   (You found it on level 7 of the Dungeon)

   [ring of wizardry]

   It affects your strength (+2).
   It makes you vulnerable to fire.
Potions
 h - a potion of speed
 o - a potion of curing
 t - a potion of cure mutation {unknown}
 u - a potion of resistance
 x - a potion of agility
 F - a potion of heal wounds
Books
 G - a book of Summonings

   Spells                             Type                      Level
   Abjuration                         Summoning                    3
   Recall                             Summoning/Translocation      3
   Summon Elemental                   Summoning                    4
   Shadow Creatures                   Summoning                    5
   Summon Demon                       Summoning                    5
   Summon Ugly Thing                  Summoning                    6
 J - a book of War Chants

   Spells                             Type                      Level
   Fire Brand                         Charms/Fire                  2
   Freezing Aura                      Charms/Ice                   2
   Shroud of Golubria                 Charms/Translocation         2
   Repel Missiles                     Charms/Air                   2
   Poison Weapon                      Charms/Poison                3
   Regeneration                       Charms/Necromancy            3


   Skills:
 + Level 6.9 Fighting
 + Level 6.4 Long Blades
 + Level 6.6 Armour
 + Level 5.8 Dodging
 + Level 6.8 Shields


You had 9 spell levels left.
You didn't know any spells.

Dungeon Overview and Level Annotations

Branches:
Dungeon (8/27)             Temple (1/1) D:7            Lair (0/8) D:8
    Orc: D:6-11

Altars:
Ashenzari
Cheibriados
Elyvilon
Fedhas
Kikubaaqudgha
Makhleb
Nemelex Xobeh
Okawaru
Sif Muna
Trog
Vehumet
Yredelemnul
Zin
the Shining One


Message History

You are more poisoned.
The killer bee poisons you!
You miss the killer bee.
The killer bee is severely wounded.
* * * LOW HITPOINT WARNING * * *
You feel sick. You block the killer bee's attack.
The killer bee closely misses you.
Unknown command.
You hit the killer bee.
The killer bee is almost dead.
* * * LOW HITPOINT WARNING * * *
You feel sick. You block the killer bee's attack.
You block the killer bee's attack.
You barely miss the killer bee.
The killer bee is almost dead.
* * * LOW HITPOINT WARNING * * *
You feel sick. You block the killer bee's attack.
The killer bee stings you but does no damage.
The killer bee stings you.
You die...

#.#....##.####...######k.
#.....#...#....### #k#
....#.......###########.#######
............## #...............
......#......# ##.#####.####
.#.###.#.'##.# #........[..#
...#....#.##.# ##....#.###.#
.............####k##.#... #
....#####.###...@.##.###.#
........#.###...####.# .#
....#.###.#.....# ..# # .)).#.#
#.#.#...# ### ...)..# #.#.#...#
...######.#.#)..#
...#..#...#.#...#
...#.....<#.+...#
.#.##.#.#####...#


You could see a killer bee.

Vanquished Creatures
  The ghost of Nicoed the Covered, an experienced HuFi of Yredelemnul (D:7)
  The ghost of teukkam the Covert, an average SpEn (D:3)
  The ghost of nago the Cudgeler, an average OgIE of Jiyva (D:4)
  A hungry ghost (D:8)
  A sky beast (D:8)
  A black bear (D:7)
  2 ice beasts
  Duvessa (D:6)
  2 boring beetles (D:8)
  2 giant frogs
  5 killer bees (D:8)
  7 wights
  Dowan (D:6)
  4 crimson imps
  3 hounds
  An orc priest (D:6)
  A black bear skeleton (D:4)
  A worker ant (D:8)
  3 iguanas
  An orc wizard (D:5)
  2 ogre zombies (D:6)
  A big kobold zombie (D:8)
  Terence (D:2)
  A worker ant zombie (D:8)
  15 gnolls
  12 adders
  2 giant mites
  A worm (D:7)
  4 adder skeletons
  An iguana skeleton (D:6)
  A giant eyeball (D:6)
  4 giant geckos
  2 oozes
  20 orcs
  14 bats
  A bat zombie (D:8)
  9 giant cockroaches
  11 hobgoblins
  12 jackals
  17 kobolds
  3 quokkas
  A ball python (D:1)
  A giant gecko skeleton (D:5)
  7 giant newts
  15 goblins
  A hobgoblin skeleton (D:4)
  17 rats
  A rat skeleton (D:5)
  2 ballistomycetes (D:7)
219 creatures vanquished.

Vanquished Creatures (others)
  A giant spore (D:7)
1 creature vanquished.

Grand Total: 220 creatures vanquished

Notes
Turn   | Place    | Note
--------------------------------------------------------------
     0 | D:1      | Nicoed, the Human Fighter, began the quest for the Orb.
     0 | D:1      | Reached XP level 1. HP: 18/18 MP: 0/0
    89 | D:1      | Reached XP level 2. HP: 20/24 MP: 1/1
   218 | D:1      | Reached skill level 1 in Dodging
   225 | D:1      | Reached XP level 3. HP: 23/30 MP: 2/2
   988 | D:2      | Reached XP level 4. HP: 27/36 MP: 3/3
  1221 | D:2      | Noticed Terence
  1240 | D:2      | Killed Terence
  1240 | D:2      | Reached XP level 5. HP: 31/42 MP: 4/4
  1638 | D:2      | Reached skill level 4 in Fighting
  2403 | D:2      | Reached XP level 6. HP: 30/49 MP: 5/5
  2731 | D:3      | Found a blossoming altar of Fedhas.
  2742 | D:3      | Noticed teukkam's ghost (average SpEn)
  3558 | D:3      | Killed teukkam's ghost
  3558 | D:3      | Reached XP level 7. HP: 16/55 MP: 6/6
  4455 | D:4      | Noticed nago's ghost (average OgIE)
  4468 | D:4      | Killed nago's ghost
  4472 | D:4      | Reached XP level 8. HP: 32/61 MP: 7/7
  4756 | D:4      | Reached skill level 5 in Fighting
  5705 | D:5      | Entered Level 5 of the Dungeon
  5846 | D:5      | Reached skill level 5 in Shields
  6204 | D:6      | Reached skill level 5 in Armour
  6212 | D:6      | Identified a scroll of acquirement
  6243 | D:6      | Noticed Duvessa
  6243 | D:6      | Noticed Dowan
  6261 | D:6      | Killed Duvessa
  6560 | D:6      | Killed Dowan
  6560 | D:6      | Reached skill level 5 in Long Blades
  7086 | D:6      | Paralysed by a giant eyeball for 3 turns
  7092 | D:6      | Paralysed by a giant eyeball for 2 turns
  7095 | D:6      | Paralysed by a giant eyeball for 3 turns
  7192 | D:6      | Reached XP level 9. HP: 63/68 MP: 8/8
  7248 | D:7      | Found a glowing golden altar of the Shining One.
  7328 | D:7      | Reached skill level 6 in Fighting
  7435 | D:7      | Noticed Nicoed's ghost (experienced HuFi)
  7437 | D:7      | Found a staircase to the Ecumenical Temple.
  7487 | D:7      | Killed Nicoed's ghost
  7487 | D:7      | Reached skill level 5 in Dodging
  7813 | Temple   | Entered the Ecumenical Temple
  7860 | Temple   | Became a worshipper of Warmaster Okawaru
  8060 | D:7      | Got a slimy wooden ring
  8071 | D:7      | Found a radiant altar of Vehumet.
  8634 | D:8      | Found a staircase to the Lair.
  8670 | D:8      | Got a pair of crude gloves
  8673 | D:8      | Identified the +2 pair of gloves of Nihilism {Acc-2 Dam+5} (You found it on level 8 of the Dungeon)
  8711 | D:8      | Reached XP level 10. HP: 76/76 MP: 9/9
  9167 | D:8      | Slain by a killer bee

Action                   |  1- 3 |  4- 6 |  7- 9 | 10-12 || total
-------------------------+-------+-------+-------+-------++-------
Melee: Falchion          |   104 |   268 |       |       ||   372
       Long sword        |       |    27 |   474 |    83 ||   584
Evoke: Wand              |       |     1 |     1 |       ||     2
  Use: Potion            |       |     5 |       |     2 ||     7
       Scroll            |       |       |    11 |       ||    11
